AoeStats
← cartofel22

MegaRandom

509944272Analyzed
3v3 RM · 2d ago on Sep 28, 2026· 43m 3s· 6 players
Game mode
Random Map
Map size
Normal (6 player)
Population
200
Speed
Normal
Resources
Standard
Victory
Conquest
Starting age
Dark Age
Ending age
Imperial Age
RankedLock teamsTeams togetherTeam positionsShared explorationLock speedFull tech treeHidden civsTurbo modeCheats
Victory
Defeat
🇫🇷 Franks · France
779
+28
🇫🇷 Armenians · France
613
+32
🇫🇷 Poles · France
573
+29
🇳🇴 Poles · Norway
687
-17
🇹🇷 Franks · Türkiye
635
-15
🇵🇱 Teutons · Poland
541
-11
eser
18:04 Feudal Age
19:58 Man-at-Arms
32:06 Castle Age
30:31 Stone Mining
30:34 Gold Mining
34:49 Gold Shaft Mining
36:01 Double-Bit Axe
36:43 Husbandry
37:48 Scale Mail Armor
Anette2k
13:57 Feudal Age
23:47 Castle Age
23:57 Padded Archer Armor
24:08 Forging
25:04 Crossbowman
25:50 Thumb Ring
26:17 Murder Holes
30:52 Ballistics
36:44 Town Watch
40:33 Imperial Age
40:41 Caravan
41:55 Hoardings
41:56 Arbalester
cartofel22
4:54 Loom
17:42 Feudal Age
18:10 Horse Collar
18:19 Double-Bit Axe
Sandwich7777
11:15 Loom
14:44 Feudal Age
20:26 Arson
20:04 Man-at-Arms
20:53 Scale Mail Armor
21:29 Long Swordsman
23:18 Forging
33:49 Castle Age
Turbo
7:43 Loom
11:13 Feudal Age
13:58 Bloodlines
14:41 Double-Bit Axe
18:11 Forging
18:08 Scale Barding Armor
24:07 Castle Age
22:15 Fishing Lines
23:02 Horse Collar
24:34 Wheelbarrow
25:42 Wheelbarrow
26:27 Murder Holes
28:36 Husbandry
30:01 Ballistics
31:51 Elite Skirmisher
32:37 Thumb Ring
33:10 Iron Casting
32:42 Gillnets
37:21 Imperial Age
35:15 Light Cavalry
36:38 Hand Cart
39:38 Blast Furnace
Panini555999
4:12 Loom
13:16 Feudal Age
16:37 Double-Bit Axe
27:01 Castle Age
28:59 Forging
29:48 Pikeman
37:49 Ballistics
40:30 Imperial Age
38:52 Scale Barding Armor
39:23 Iron Casting
42:11 Cavalier
Connection lost

Rejoining the realm…

Still unreachable

The connection could not be restored.

Session expired

The server has moved on; the page needs a fresh start.